 Dungeon Crawl Stone Soup version 0.28-a0-851-g8b9cc49659 (webtiles) character file.

Game seed: 606831565428893215

633 sanka the Schismatic (level 7, -1/55 HPs)
             Began as a Palentonga Abyssal Knight on Nov 14, 2021.
             Was an Elder of Lugonu.
             Slain by an orc (18 damage)
             ... on level 5 of the Dungeon.
             The game lasted 00:08:44 (5429 turns).

sanka the Schismatic (Palentonga Abyssal Knight)    Turns: 5429, Time: 00:08:44

Health: -1/55      AC: 14    Str: 18    XL:     7   Next: 24%
Magic:  11/11      EV:  9    Int: 10    God:    Lugonu [****..]
Gold:   251        SH:  0    Dex: 11    Spells: 6/6 levels left

rFire   . . .      SeeInvis +   a - +0 war axe
rCold   . . .      Faith    .   (no shield)
rNeg    . . .      Spirit   .   b - +0 leather armour
rPois   +          Reflect  .   l - +2 hat
rElec   .          Harm     .   o - +0 cloak
rCorr   .          Rampage  .   (no gloves)
Will    .....                   (no barding)
Stlth   +.........              j - amulet of regeneration
HPRegen 1.18/turn               (no ring)
MPRegen 0.12/turn               i - ring of poison resistance

@: curled up
A: large, rugged brown scales 3, see invisible, deformed body, roll 1, armoured
tail, reflexive curl
a: Rolling Charge, Renounce Religion, Depart the Abyss, Bend Space, Banish,
Corrupt


You were on level 5 of the Dungeon.
You worshipped Lugonu.
Lugonu was greatly pleased with you.
You visited 1 branch of the dungeon, and saw 5 of its levels.
You visited the Abyss 1 time.

You collected 251 gold pieces.


Innate Abilities, Weirdness & Mutations

You are completely covered in rugged brown scales. (AC +3, +7% HP)
You have supernaturally acute eyesight. (SInv)
Armour fits poorly on your strangely shaped body.
You can roll at nearby foes to attack.
You have a long armoured tail.
You curl defensively after being hit. (AC +7*)


   Skills:
 - Level 3.0 Fighting
 - Level 6.0 Axes
 - Level 1.5 Armour
 - Level 0.7 Dodging
 + Level 6.2 Invocations


You had 6 spell levels left.
You didn't know any spells.
Your spell library contained the following spells:

 Spells                   Type           Power      Damage    Failure   Level
 Slow                     Hex            0%         N/A       41%         1
 Confusing Touch          Hex            0%         N/A       80%         3
 Vampiric Draining        Necr           0%         2d6       80%         3

Inventory:

Hand Weapons
 a - a +0 war axe (weapon)
 v - a +1 hand axe
Missiles
 q - 20 poisoned darts
 s - 3 throwing nets {=f}
Armour
 b - a +0 leather armour (worn)
 f - a +0 helmet
 l - a +2 hat (worn)
 o - a +0 cloak (worn)
 r - a +0 tower shield
Magical Staves
 h - a staff of cold
 p - a staff of death
 x - a staff of earth
Jewellery
 i - a ring of poison resistance (right hand)
 j - an amulet of regeneration (around neck)
Scrolls
 d - a scroll of amnesia
 k - a scroll of magic mapping
 m - a scroll of blinking {unknown}
 u - a scroll of immolation {unknown}
 w - a scroll of enchant weapon {unknown}
 y - a scroll of noise {unknown}
Potions
 c - a potion of brilliance {unknown}
 e - 3 potions of might
 g - a potion of cancellation {unknown}
 n - a potion of ambrosia {unknown}
 t - a potion of lignification {unknown}
 z - a potion of attraction {unknown}

Dungeon Overview and Level Annotations

Branches:
Dungeon (5/15)
 Temple: D:4-7

Altars:

Annotations:
D:2 Sigmund

▒.▒..)..▒▒▒▒▒▒▒
▒.▒...<........
▒.▒.....▒▒▒▒▒▒▒
▒.▒.....▒
▒.▒.....▒
▒▒.▒.....▒
▒▒..▒▒▒.▒▒▒
▒▒▒▒▒..▒▒ ▒...▒
▒....H£.▒
▒▒▒..▒
▒.....o.▒ ▒.▒
▒.....oo▒ .▒
▒....£.o.▒ ▒
▒...(......
▒.......▒▒▒▒
▒......£▒
▒.......▒
▒▒▒▒▒.▒▒▒


You could see an orc wizard (invisible) and 3 orcs.


Message History

You barely miss the orc. You barely miss the quokka.
The orc hits you with a +0 club.
The quokka bites you but does no damage.
An orc comes into view. It is wielding a +0 whip.
The orc barely misses you.
You hit the orc.
The orc is severely wounded.
You hit the quokka.
You kill the quokka!
Lugonu accepts your kill.
You closely miss the orc. The orc hits you but does no damage.
The orc hits you with a +2 hand axe of electrocution.
You are electrocuted!
* * * LOW HITPOINT WARNING * * *
The orc wizard mumbles some strange words.
The orc wizard flickers and vanishes for a moment.
The orc hits you but does no damage.
You closely miss the orc.
Your tail-slap misses the orc.
The orc is severely wounded.
You closely miss the orc.
The orc hits you with a +2 hand axe of electrocution.
* * * LOW HITPOINT WARNING * * *
Unknown command.
Unknown command.
The orc hits you but does no damage.
You are electrocuted!!
You die...

Action                   |  1- 3 |  4- 6 |  7- 9 || total
-------------------------+-------+-------+-------++-------
Melee: Hand axe          |    98 |   294 |     7 ||   399
       Tailslap          |     9 |    28 |     5 ||    42
       War axe           |       |       |    20 ||    20
Invok: Depart the Abyss  |     1 |       |       ||     1
 Abil: Rolling Charge    |       |     1 |       ||     1
  Use: Scroll            |       |     3 |       ||     3
Armor: Leather armour    |    34 |   114 |    14 ||   162
Dodge: Dodged            |    60 |   159 |    19 ||   238

Levels and vault maps discovered:
D:1:      elethiomel_arrival_infinity_welcomes_careful_drivers, layout_basic
D:2:      layout_basic, minmay_shallow_snake_nest, uniq_sigmund
D:3:      minmay_goblin_kobold_castle, layout_loops_ring, minmay_hedge_maze
D:4:      layout_gridville
D:5:      layout_rooms, nicolae_qazlal_general_emergency, grunt_tough_drop,
          uniq_edmund

Notes
Turn   | Place    | Note
-------+----------+-------------------------------------------
     0 | Abyss:1  | sanka the Palentonga Abyssal Knight began the quest for the
                  | Orb.
     0 | Abyss:1  | Reached XP level 1. HP: 19/19 MP: 2/2
    35 | Abyss:1  | Noticed a small abomination
    55 | Abyss:1  | Noticed a neqoxec
    57 | Abyss:1  | Noticed an iron imp
    58 | D:1      | Escaped the Abyss
   128 | D:1      | Reached * piety under Lugonu
   528 | D:1      | Reached XP level 2. HP: 25/25 MP: 3/3
   578 | D:1      | Reached skill level 3 in Axes
  1002 | D:1      | Reached XP level 3. HP: 31/31 MP: 4/4
  1570 | D:2      | Noticed Sigmund
  1702 | D:2      | Reached skill level 4 in Axes
  1807 | D:2      | Reached ** piety under Lugonu
  1993 | D:2      | Reached XP level 4. HP: 35/37 MP: 5/5
  2822 | D:1      | Reached skill level 5 in Axes
  3645 | D:3      | Reached XP level 5. HP: 43/43 MP: 6/6
  3793 | D:3      | Reached *** piety under Lugonu
  4081 | D:3      | Reached skill level 3 in Invocations
  4089 | D:3      | Reached **** piety under Lugonu
  4176 | D:3      | Reached XP level 6. HP: 50/50 MP: 8/8
  4605 | D:4      | Reached skill level 6 in Axes
  4712 | D:4      | Reached skill level 4 in Invocations
  4831 | D:4      | Reached skill level 5 in Invocations
  4831 | D:4      | Gained mutation: You curl defensively after being hit. (AC
                  | +7*) [Palentonga growth]
  4831 | D:4      | Reached XP level 7. HP: 54/55 MP: 9/11
  5325 | D:5      | Entered Level 5 of the Dungeon
  5341 | D:5      | Reached skill level 6 in Invocations
  5429 | D:5      | Slain by an orc

Vanquished Creatures
  A necrophage (D:4)
  A bullfrog (D:4)
  A hound (D:5)
  A jelly (D:5)
  An orc priest (D:3)
  2 iguanas
  An orc wizard (D:4)
  8 gnolls (D:3)
  7 adders
  2 adder skeletons (D:4)
  5 dart slugs
  4 orcs
  12 ball pythons
  7 endoplasms
  2 giant cockroaches (D:2)
  33 goblins
  36 hobgoblins
  6 jackals
  8 kobolds
  6 quokkas
  4 bats
  3 frilled lizards
  4 rats
155 creatures vanquished.

Vanquished Creatures (others)
  5 plants (D:2)
5 creatures vanquished.

Grand Total: 160 creatures vanquished
